AoeStats
← leofim11

Arena

509019296Analyzed
4v4 RM · 7d ago on Sep 25, 2026· 68m 54s· 8 players
Game mode
Random Map
Map size
Large (8 player)
Population
200
Speed
Normal
Resources
Standard
Victory
Conquest
Starting age
Dark Age
Ending age
Imperial Age
RankedLock teamsTeams togetherTeam positionsShared explorationLock speedFull tech treeHidden civsTurbo modeCheats
Victory
Defeat
🇹🇼 Huns · Taiwan
1020
+10
🇨🇳 Varangians · China
1013
+10
🇨🇳 Bohemians · China
1004
+11
🇺🇸 Turks · United States
834
+17
🇨🇳 Burgundians · China
909
-13
🇰🇷 Mongols · South Korea
895
-13
🇺🇸 Goths · United States
876
-12
🇨🇳 Huns · China
829
-10
76561199495878758
12:09 Feudal Age
10:33 Double-Bit Axe
10:36 Horse Collar
16:42 Castle Age
15:34 Heavy Plow
16:06 Bow Saw
18:11 Loom
19:04 Wheelbarrow
21:11 Crop Rotation
21:15 Husbandry
29:57 Imperial Age
27:46 Hand Cart
27:32 Gold Mining
27:37 Stone Mining
27:19 Cavalier
28:02 Squires
28:56 Guilds
28:51 Caravan
28:54 Treadmill Crane
29:35 Forging
29:32 Scale Barding Armor
29:46 Burgundian Vineyards
30:20 Stone Shaft Mining
30:21 Gold Shaft Mining
31:48 Chemistry
30:23 Light Cavalry
32:02 Conscription
32:34 Paladin
33:45 Pikeman
34:14 Elite Coustillier
35:59 Halberdier
37:41 Hussar
43:08 Hoardings
44:54 Hoardings
44:52 Masonry
45:18 Coinage
52:28 Man-at-Arms
54:50 Long Swordsman
58:38 Two-Handed Swordsman
Lost My Scout
0:31 Loom
13:50 Feudal Age
14:26 Man-at-Arms
14:50 Horse Collar
14:57 Double-Bit Axe
16:08 Stone Mining
16:12 Gold Mining
22:31 Castle Age
20:53 Scale Mail Armor
21:00 Fletching
21:42 Forging
23:32 Heavy Plow
23:44 Bow Saw
23:28 Long Swordsman
24:18 Squires
24:17 Pikeman
25:26 Town Watch
26:46 Stone Shaft Mining
27:56 Wheelbarrow
27:46 Treadmill Crane
28:32 Herbal Medicine
28:38 Devotion
29:26 Masonry
29:38 Ballistics
30:03 Town Patrol
31:10 Hand Cart
35:51 Imperial Age
34:07 Murder Holes
34:39 Caravan
36:07 Anarchy
36:05 Halberdier
37:12 Conscription
36:54 Perfusion
37:19 Guilds
37:36 Elite Huskarl
38:49 Two-Handed Swordsman
39:55 Champion
44:47 Bodkin Arrow
45:27 Iron Casting
45:08 Chain Mail Armor
45:57 Chemistry
45:28 Architecture
58:26 Crop Rotation
59:46 Blast Furnace
58:47 Bracer
顺风打工人
8:48 Loom
11:14 Feudal Age
13:43 Double-Bit Axe
16:25 Castle Age
14:07 Horse Collar
14:52 Gold Mining
17:00 Wheelbarrow
16:22 Stone Mining
20:02 Wheelbarrow
22:46 Fervor
26:59 Bow Saw
27:09 Heavy Plow
27:39 Hand Cart
27:44 Town Watch
31:50 Imperial Age
30:06 Forging
30:02 Scale Barding Armor
30:21 Bloodlines
30:12 Husbandry
30:17 Marauders
31:33 Iron Casting
32:11 Chain Barding Armor
32:43 Elite Tarkan
34:24 Plate Barding Armor
34:51 Blast Furnace
36:02 Fletching
36:12 Padded Archer Armor
36:12 Scale Mail Armor
36:11 Murder Holes
36:37 Ballistics
36:29 Masonry
37:05 Cavalier
38:40 Conscription
38:14 Paladin
39:22 Atheism
41:01 Pikeman
41:41 Squires
43:20 Halberdier
44:19 Chain Mail Armor
44:20 Leather Archer Armor
44:00 Bodkin Arrow
51:52 Bracer
55:59 Light Cavalry
jhkim91cfa
7:20 Loom
9:46 Feudal Age
10:18 Double-Bit Axe
10:17 Horse Collar
15:01 Gold Mining
19:39 Castle Age
21:17 Heavy Plow
21:29 Bow Saw
21:48 Bloodlines
21:40 Husbandry
23:00 Forging
22:55 Scale Barding Armor
27:32 Gold Mining
30:44 Iron Casting
30:30 Chain Barding Armor
35:24 Chain Barding Armor
39:12 Imperial Age
40:07 Gold Shaft Mining
39:13 Onager
39:16 Heavy Camel Rider
41:20 Wheelbarrow
40:31 Town Watch
43:03 Drill
42:23 Siege Onager
leofim11
8:05 Loom
11:23 Feudal Age
11:52 Double-Bit Axe
12:43 Wheelbarrow
11:50 Horse Collar
13:16 Town Watch
13:40 Gold Mining
13:43 Stone Mining
22:44 Castle Age
24:06 Town Patrol
24:41 Heavy Plow
24:53 Bow Saw
31:12 Hand Cart
35:49 Imperial Age
34:55 Bloodlines
34:46 Husbandry
35:56 Elite Janissary
39:15 Ballistics
40:03 Masonry
45:23 Two-Man Saw
44:32 Caravan
45:43 Conscription
51:15 Forging
54:42 Squires
55:20 Iron Casting
54:45 Scale Mail Armor
55:22 Iron Casting
59:40 Scale Barding Armor
平凡自在
11:15 Feudal Age
11:42 Double-Bit Axe
11:39 Horse Collar
17:31 Castle Age
15:49 Gold Mining
16:11 Stone Mining
18:48 Heavy Plow
19:16 Bow Saw
22:42 Fervor
22:57 Loom
24:02 Marauders
25:19 Wheelbarrow
27:23 Hand Cart
30:37 Imperial Age
29:06 Forging
29:01 Scale Barding Armor
28:47 Town Watch
29:59 Gold Shaft Mining
30:21 Iron Casting
31:30 Chain Barding Armor
32:29 Two-Man Saw
31:57 Husbandry
32:08 Bloodlines
31:22 Elite Tarkan
32:23 Conscription
34:25 Blast Furnace
34:00 Plate Barding Armor
36:27 Fletching
37:05 Masonry
37:56 Chemistry
37:36 Bodkin Arrow
39:52 Murder Holes
40:18 Ballistics
40:57 Cavalier
44:15 Loom
44:39 Paladin
45:47 Caravan
49:40 Light Cavalry
51:08 Guilds
51:16 Pikeman
51:57 Squires
53:10 Bracer
53:12 Scale Mail Armor
56:22 Atheism
67:29 Hussar
风吹奶罩飘
10:20 Feudal Age
14:00 Castle Age
12:33 Double-Bit Axe
15:37 Horse Collar
20:06 Loom
22:23 Loom
25:08 Wheelbarrow
24:48 Heavy Plow
25:13 Bow Saw
28:32 Hand Cart
30:56 Imperial Age
28:19 Loom
29:15 Light Cavalry
30:09 Bloodlines
30:00 Husbandry
30:10 Scale Barding Armor
30:15 Forging
29:39 Light Cavalry
31:42 Gold Mining
31:42 Stone Mining
32:33 Iron Casting
32:26 Chain Barding Armor
32:33 Fortified Wall
33:02 Conscription
34:05 Plate Barding Armor
34:34 Blast Furnace
33:00 Gothikon
34:28 Hussar
35:58 Elite Jarl
37:26 Vendel Legacy
38:41 Caravan
39:36 Masonry
39:49 Ballistics
39:09 Treadmill Crane
44:11 Masonry
53:25 Two-Man Saw
56:23 Siege Engineers
56:48 Architecture
62:50 Stone Shaft Mining
踏天南
11:06 Feudal Age
15:03 Castle Age
12:54 Double-Bit Axe
14:12 Wheelbarrow
13:25 Horse Collar
16:39 Wheelbarrow
16:47 Bow Saw
16:40 Heavy Plow
18:55 Loom
26:16 Fletching
29:43 Imperial Age
27:20 Bodkin Arrow
30:40 Pikeman
31:21 Squires
31:06 Arson
31:55 Hand Cart
32:45 Conscription
33:24 Town Watch
33:14 Halberdier
37:38 Chemistry
36:58 Ballistics
37:03 Scale Mail Armor
37:14 Forging
38:28 Two-Man Saw
39:18 Chemistry
38:38 Ballistics
39:20 Chain Mail Armor
39:40 Iron Casting
39:26 Murder Holes
39:46 Fortified Wall
40:49 Plate Mail Armor
40:20 Bracer
42:05 Blast Furnace
41:51 Houfnice
47:37 Siege Engineers
47:42 Masonry
51:11 Man-at-Arms
52:05 Wagenburg Tactics
55:02 Architecture
54:23 Guard Tower
54:19 Arrowslits
56:02 Sappers
56:34 Long Swordsman
59:01 Keep
63:02 Two-Handed Swordsman
64:00 Champion
Connection lost

Rejoining the realm…

Still unreachable

The connection could not be restored.

Session expired

The server has moved on; the page needs a fresh start.